Map: [ESL] Moondance

Players

iGCoffeeMs (Coffee)

  • Race: Terran Terran
  • League: Master

DPGJieShi (Jieshi) - Winner!

  • Race: Protoss Protoss

Event: DreamHack SC2 Masters 2022 Atlanta (Online)

VOD

Have the link to the VOD?

Description

Time

  • Played on: Oct. 7, 2022, 9:01 a.m.
  • Length: 21:13

All games in this series

Show
View Real Time Build Order
Export as new Build Order

iGCoffeeMs Terran 

Build Orders:  

Get SALT Encoding   

  12  0:00  SCV  
  13  0:12  SCV  
  14  0:17  Supply Depot  
  14  0:24  SCV  
  15  0:39  SCV  
  15  0:40  Barracks  
  16  0:46  Refinery  
  16  0:51  SCV  
  16  0:56  Refinery  
  17  1:03  SCV  
  18  1:15  SCV  
  19  1:27  Reaper, Orbital Command  
  20  1:34  Supply Depot  
  20  1:51  Bunker, Factory  
  20  1:56  SCV  
  20  2:00  Reaper  
  22  2:08  SCV  
  23  2:20  SCV  
  23  2:32  Command Center  
  23  2:35  SCV  
  23  2:36  Factory Reactor  
  24  2:47  SCV  
  25  2:54  Starport  
  25  2:58  Supply Depot  
  25  3:00  SCV  
  26  3:12  SCV, Barracks  
  27  3:13  Widow Mine x2  
  31  3:21  Barracks  
  31  3:24  SCV  
  32  3:30  Medivac  
  34  3:35  Widow Mine x2  
  34  3:39  SCV  
  39  3:46  Orbital Command  
  39  3:51  SCV  
  40  4:00  Barracks Tech Lab  
  40  4:05  SCV  
  40  4:06  Factory Tech Lab  
  40  4:08  Orbital Command  
  40  4:09  Marine  
  41  4:17  SCV  
  41  4:19  Stimpack  
  41  4:20  Marauder  
  41  4:22  Marine x2  
  46  4:29  SCV  
  47  4:33  Supply Depot  
  47  4:35  Bunker  
  47  4:41  Marauder  
  47  4:42  Marauder  
  47  4:44  Factory Reactor  
  47  4:45  Starport Reactor  
  51  4:47  Marine x2  
  51  4:49  SCV  
  54  4:55  SCV  
  54  4:56  Supply Depot  
  53  5:02  SCV  
  53  5:03  Combat Shield, Marauder  
  56  5:07  Refinery, SCV  
  56  5:13  Marine x3  
  60  5:15  SCV  
  60  5:18  Supply Depot  
  60  5:19  SCV  
  62  5:25  Supply Depot  
  62  5:31  SCV x2, Marine x4  
  62  5:34  Medivac  
  70  5:40  Medivac  
  70  5:41  Supply Depot  
  72  5:43  Widow Mine x2  
  72  5:49  Engineering Bay  
  76  5:50  SCV  
  76  5:51  SCV  
  76  5:53  Supply Depot  
  76  5:54  Marine x2  
  80  6:01  Concussive Shells  
  84  6:04  Marauder x2  
  84  6:13  SCV x2  
  84  6:14  Marine x2  
  84  6:16  Terran Infantry Weapons Level 1  
  88  6:19  Refinery  
  90  6:29  SCV x2  
  90  6:30  Supply Depot  
  90  6:32  Marauder  
  94  6:33  Marauder  
  94  6:34  Supply Depot  
  94  6:39  Widow Mine x2  
  100  6:41  Medivac x2  
  102  6:54  Marauder, Marine  
  101  7:07  Marauder  
  95  7:12  Marine x2  
  98  7:15  Marauder  
  98  7:16  Medivac x2  
  98  7:19  SCV  
  98  7:20  SCV  
  98  7:21  Command Center  
  104  7:25  Widow Mine  
  104  7:26  Widow Mine  
  110  7:36  Marine  
  112  7:40  Barracks  
  112  7:41  Barracks  
  112  7:44  Marauder x2  
  113  7:51  SCV x2  
  115  7:56  Viking  
  117  7:59  Viking  
  117  8:11  Terran Infantry Armor Level 1  
  117  8:12  Marauder x2, Marine x2  
  122  8:18  SCV x2  
  124  8:20  Supply Depot  
  124  8:22  Ghost Academy  
  122  8:28  Barracks Reactor, Barracks Tech Lab  
  122  8:33  Viking x2  
  126  8:35  Orbital Command  
  126  8:41  Refinery  
  126  8:45  Marauder x2  
  126  8:46  Marine x2  
  132  8:54  Enhanced Shockwaves  
  130  8:59  SCV x2  
  130  9:00  Supply Depot  
  132  9:06  Ghost x2  
  132  9:07  Ghost  
  138  9:14  Marine x4  
  142  9:21  Supply Depot  
  142  9:22  Viking x2  
  112  9:40  Marauder, Marine x3  
  112  9:44  Widow Mine x2  
  114  9:53  Viking x2  
  114  9:56  Marine x2  
  114  9:59  Command Center  
  120  10:06  Widow Mine x2  
  120  10:07  Marine x3  
  124  10:11  Ghost x2  
  131  10:21  Engineering Bay, Marine  
  131  10:22  Armory  
  131  10:24  Marine  
  131  10:25  Marine x2  
  135  10:30  Viking  
  135  10:31  Viking  
  139  10:41  Marauder x3  
  145  10:44  Marine x4  
  145  10:48  SCV x3  
  152  10:58  Personal Cloaking  
  152  11:05  Viking x2  
  152  11:06  Marauder  
  152  11:07  Marauder x2  
  160  11:15  Terran Infantry Armor Level 2, Terran Infantry Weapons Level 2  
  160  11:19  SCV x3  
  163  11:29  Planetary Fortress  
  163  11:32  Marauder x2  
  166  11:37  Marine x3  
  166  11:38  Marine  
  167  11:43  SCV x2  
  169  11:47  Ghost Academy  
  169  11:53  Refinery x2  
  169  11:54  Liberator x2  
  169  11:55  Missile Turret  
  169  11:57  SCV x2  
  175  12:12  Marine  
  175  12:13  Marine x3  
  179  12:22  Marauder  
  179  12:24  Supply Depot x2  
  179  12:39  Marauder x2  
  179  12:43  Marauder  
  180  12:45  Marine x2  
  177  12:54  Marine x2  
  177  12:55  Nuke x2  
  176  13:00  Marauder x2  
  176  13:01  Barracks  
  176  13:02  Barracks x2  
  176  13:04  Missile Turret  
  176  13:05  Sensor Tower, Marauder  
  182  13:11  Marine  
  182  13:12  Widow Mine x2  
  185  13:22  Marauder x2  
  185  13:24  Marine x2  
  185  13:25  Liberator x2  
  185  13:26  Marauder  
  179  13:38  Marine x2  
  181  13:43  Marauder  
  183  13:50  Marauder x2  
  183  13:51  Barracks Tech Lab  
  183  13:52  Barracks Reactor, Barracks Tech Lab  
  183  14:04  Marauder  
  183  14:07  Marine x3  
  183  14:08  Command Center  
  186  14:10  Ghost  
  186  14:11  Ghost  
  186  14:14  Marauder x2  
  192  14:25  Ghost  
  192  14:27  Missile Turret, Widow Mine  
  192  14:30  Supply Depot  
  196  14:37  Command Center  
  195  14:39  Widow Mine, Ghost x2  
  188  14:46  Marine x3  
  188  14:47  Ghost x2  
  177  15:15  Marauder x2, Marine x2  
  177  15:16  Marauder  
  185  15:30  Marauder x2  
  189  15:37  Marauder  
  188  15:45  Marine x5  
  188  16:00  Ghost  
  188  16:01  Marauder x2, Ghost  
  193  16:05  Marine x2  
  193  16:06  Marine x2  
  193  16:07  Marine x2  
  193  16:10  Fusion Core, Starport  
  199  16:20  Nuke  
  173  16:33  Marauder x2, Marine x2  
  169  16:40  Marine x4  
  169  16:42  Liberator x2  
  90  17:24  Planetary Fortress  
  86  17:48  Supply Depot x2  
  86  17:49  Supply Depot  
  83  17:51  Supply Depot  
  81  18:13  Liberator  
  81  18:16  Marauder  
  81  18:17  Liberator  
  80  18:26  Marauder x3  
  75  18:35  SCV  
  75  18:41  Marine  
  74  18:44  Marine  
  74  18:45  Marine  
  76  18:53  Marine  
  76  18:54  SCV  
  77  19:08  Marauder  
  77  19:09  SCV x2  
  78  19:19  Marauder  
  78  19:21  Nuke  
  80  19:37  Marauder, Marine  
  70  19:55  SCV x2  
  63  20:19  Orbital Command  
  51  20:32  Orbital Command  
Show
View Real Time Build Order
Export as new Build Order

DPGJieShi Protoss - Winner!

Build Orders: 1 Gate Expand, Colossus Rush 

Get SALT Encoding   

  12  0:00  Probe  
  13  0:13  Probe  
  14  0:17  Pylon  
  14  0:25  Probe (Chrono Boost)  
  15  0:36  Gateway  
  15  0:37  Probe (Chrono Boost)  
  16  0:44  Probe (Chrono Boost)  
  16  0:45  Assimilator  
  17  0:51  Probe  
  18  1:03  Probe  
  19  1:15  Probe  
  20  1:25  Cybernetics Core  
  20  1:31  Nexus  
  20  1:37  Pylon  
  20  1:40  Probe  
  21  1:52  Probe  
  22  1:58  Stalker (Chrono Boost)  
  24  2:01  Warp Gate  
  24  2:04  Probe  
  24  2:05  Shield Battery  
  24  2:16  Probe  
  24  2:22  Stalker (Chrono Boost)  
  26  2:29  Probe  
  27  2:39  Assimilator  
  27  2:41  Probe  
  27  2:56  Probe (Chrono Boost)  
  27  2:58  Probe (Chrono Boost)  
  29  3:00  Robotics Facility  
  30  3:05  Probe (Chrono Boost)  
  30  3:08  Probe (Chrono Boost)  
  30  3:09  Gateway  
  30  3:11  Probe (Chrono Boost)  
  31  3:18  Probe  
  33  3:23  Probe (Chrono Boost)  
  36  3:35  Probe x2 (Chrono Boost)  
  36  3:41  Probe (Chrono Boost)  
  36  3:43  Probe (Chrono Boost)  
  36  3:46  Nexus  
  36  3:47  Observer (Chrono Boost)  
  39  3:49  Probe  
  39  3:54  Probe  
  39  3:55  Stalker  
  43  4:01  Probe  
  44  4:04  Observer (Chrono Boost)  
  44  4:06  Robotics Bay  
  44  4:08  Assimilator  
  46  4:12  Assimilator, Pylon  
  46  4:15  Probe  
  46  4:24  Pylon  
  46  4:30  Probe x2  
  48  4:33  Immortal (Chrono Boost)  
  48  4:37  Stalker  
  54  4:43  Probe x2  
  53  4:55  Observer, Probe x2  
  53  5:09  Colossus (Chrono Boost)  
  53  5:10  Probe x2 (Chrono Boost)  
  53  5:12  Probe (Chrono Boost)  
  65  5:21  Probe (Chrono Boost)  
  65  5:22  Extended Thermal Lance (Chrono Boost)  
  65  5:23  Probe x2 (Chrono Boost)  
  65  5:31  Probe  
  65  5:33  Probe  
  65  5:34  Twilight Council  
  67  5:35  Probe  
  67  5:40  Pylon  
  68  5:43  Probe  
  68  5:44  Observer  
  68  5:45  Probe  
  68  5:48  Sentry, Probe  
  73  5:55  Probe  
  73  5:56  Gateway  
  74  5:58  Colossus (Chrono Boost)  
  80  6:07  Probe x2  
  80  6:08  Pylon  
  82  6:16  Blink (Chrono Boost), Pylon  
  82  6:19  Forge  
  82  6:23  Probe x3  
  85  6:27  Pylon  
  85  6:28  Pylon  
  85  6:32  Gateway  
  85  6:33  Stalker  
  85  6:39  Stalker  
  95  6:48  Protoss Ground Weapons Level 1  
  90  6:55  Stalker  
  90  6:56  Zealot  
  94  7:03  Probe x2  
  94  7:06  Zealot  
  81  7:14  Robotics Facility  
  81  7:15  Probe x3  
  81  7:20  Photon Cannon  
  82  7:23  Photon Cannon  
  82  7:25  Stalker  
  82  7:27  Probe x2, Photon Cannon  
  86  7:31  Probe  
  87  7:38  Sentry  
  87  7:39  Probe  
  87  7:40  Probe  
  87  7:41  Shield Battery  
  87  7:43  Pylon  
  90  7:51  Probe, Stalker x2  
  90  7:52  Probe  
  90  7:56  Probe  
  96  8:00  Stalker  
  96  8:03  Probe  
  96  8:04  Probe  
  100  8:13  Colossus (Chrono Boost), Gateway  
  100  8:15  Gateway  
  100  8:16  Charge (Chrono Boost)  
  106  8:26  Gateway  
  106  8:28  Gateway  
  106  8:38  Pylon  
  106  8:41  Pylon  
  106  8:42  Sentry x2  
  106  8:45  Pylon  
  109  8:49  Observer  
  109  8:52  Probe  
  109  8:55  Protoss Ground Armor Level 1 (Chrono Boost)  
  110  8:57  Disruptor (Chrono Boost)  
  112  9:02  Nexus  
  112  9:05  Shield Battery  
  112  9:07  Shield Battery  
  112  9:08  Stalker  
  112  9:09  Shield Battery  
  114  9:14  Pylon  
  114  9:15  Shield Battery  
  114  9:16  Stalker  
  114  9:17  Zealot  
  118  9:20  Zealot  
  120  9:26  Observer  
  120  9:30  Disruptor  
  121  9:33  Zealot, Stalker x2  
  113  9:49  Probe x3  
  116  9:56  Colossus (Chrono Boost)  
  116  9:57  Stalker x2  
  116  9:58  Robotics Facility  
  125  10:12  Gateway  
  128  10:15  Probe (Chrono Boost), Gateway  
  128  10:16  Probe x3 (Chrono Boost)  
  128  10:19  Stalker  
  128  10:20  Zealot  
  133  10:25  Pylon  
  133  10:26  Zealot, Probe (Chrono Boost), Stalker  
  138  10:34  Pylon  
  138  10:37  Stalker x2  
  138  10:38  Stalker  
  138  10:41  Probe  
  145  10:44  Disruptor (Chrono Boost)  
  145  10:47  Protoss Ground Weapons Level 2 (Chrono Boost)  
  148  10:54  Zealot  
  148  10:55  Disruptor (Chrono Boost)  
  148  10:56  Stalker  
  154  11:01  Probe  
  155  11:11  Zealot x5  
  159  11:12  Zealot x2  
  159  11:13  Pylon  
  159  11:15  Observer  
  170  11:22  Nexus  
  170  11:25  Pylon  
  170  11:30  Observer  
  170  11:34  Stalker x3  
  170  11:35  Warp Prism (Chrono Boost)  
  179  11:52  Photon Cannon  
  180  11:54  Shield Battery, Photon Cannon  
  180  11:57  Pylon  
  180  11:58  Observer (Chrono Boost)  
  180  12:05  Disruptor (Chrono Boost)  
  183  12:11  Zealot  
  183  12:12  Zealot x4  
  183  12:15  Observer  
  184  12:33  Stalker  
  184  12:34  Stalker x2  
  184  12:36  Disruptor  
  184  12:37  Disruptor  
  186  12:48  Zealot x3, Stalker  
  182  12:59  Probe x3  
  182  13:01  Gateway, Photon Cannon  
  182  13:02  Gateway  
  182  13:03  Photon Cannon  
  185  13:07  Zealot x3, Stalker  
  185  13:08  Zealot x3  
  199  13:18  Disruptor  
  195  13:27  Disruptor  
  196  13:37  Observer  
  195  13:42  Protoss Ground Armor Level 2 (Chrono Boost)  
  195  13:54  Disruptor  
  198  14:03  Disruptor  
  187  14:16  Zealot  
  189  14:17  Zealot  
  189  14:18  Nexus  
  189  14:20  Pylon  
  189  14:21  Assimilator  
  189  14:24  Assimilator  
  191  14:25  Photon Cannon, Assimilator  
  191  14:26  Assimilator  
  191  14:29  Disruptor  
  191  14:30  Photon Cannon x2  
  194  14:32  Shield Battery  
  194  14:33  Pylon  
  185  14:39  Disruptor  
  186  14:54  Stalker x2  
  184  15:00  Zealot x4  
  184  15:05  Disruptor  
  195  15:09  Probe  
  188  15:15  Disruptor, Zealot x4  
  188  15:18  Forge  
  200  15:21  Probe  
  200  15:46  Photon Cannon  
  200  15:47  Photon Cannon  
  200  15:49  Shield Battery  
  200  15:51  Protoss Ground Weapons Level 3 (Chrono Boost)  
  197  15:58  Protoss Shields Level 1 (Chrono Boost)  
  197  16:03  Pylon  
  179  16:04  Probe  
  179  16:10  Disruptor  
  186  16:18  Zealot x4  
  190  16:28  Zealot x4  
  190  16:29  Zealot x2  
  190  16:30  Zealot x2  
  178  17:02  Pylon  
  178  17:06  Disruptor  
  168  17:09  Nexus, Pylon  
  168  17:11  Pylon  
  162  17:19  Zealot  
  136  17:28  Zealot  
  136  17:29  Zealot x5  
  144  17:30  Zealot x4  
  149  17:40  Stalker  
  154  17:45  Observer  
  151  17:56  Pylon  
  147  17:59  Pylon  
  147  18:01  Pylon  
  143  18:08  Nexus  
  143  18:09  Pylon  
  129  18:17  Observer  
  107  18:25  Observer  
  87  18:28  Observer, Stalker  
  87  18:29  Stalker x6  
  87  18:30  Stalker  
  102  18:36  Observer  
  96  18:52  Zealot  
  97  18:59  Probe (Chrono Boost)  
  98  19:11  Sentry, Stalker  
  98  19:16  Stalker  
  104  19:21  Stalker  
  106  19:28  Stalker  
  108  19:37  Stalker  
  95  19:54  Stalker  
  96  20:11  Zealot  
  98  20:21  Zealot  
  74  20:45  Observer  
  56  21:04  Zealot x2  
  56  21:05  Zealot  
Tags
 
Add a new tag
Caveats
  • Supply blocks, unpowered buildings, or Contaminate may cause inaccurate times.
  • Supply counts are checked every 10 seconds.